 Dungeon Crawl Stone Soup version 0.23-a0-183-gf37f6fb (webtiles) character file.

8 galech the Skirmisher (level 2, 24/24 HPs)
             Began as a Demonspawn Fighter on Sept 21, 2018.
             Quit the game on level 1 of the Dungeon.
             The game lasted 00:00:22 (223 turns).

galech the Skirmisher (Demonspawn Fighter)           Turns: 223, Time: 00:00:23

Health: 24/24      AC:  7    Str: 16    XL:     2   Next: 0%
Magic:  2/2        EV:  6    Int:  9    God:
Gold:   30         SH:  8    Dex: 12    Spells: 1/1 levels left

rFire    . . .     SeeInvis .   a - +0 war axe
rCold    . . .     Gourm    .   c - +0 shield
rNeg     . . .     Faith    .   b - +0 scale mail
rPois    .         Spirit   .   h - +0 helmet
rElec    .         Reflect  .   (no cloak)
rCorr    .         Harm     .   (no gloves)
MR       .....                  (no boots)
Stlth    ..........             (no amulet)
HPRegen  0.08/turn              (no ring)
MPRegen  0.08/turn              (no ring)

@: no status effects
A: talons 1
a: no special abilities


You were on level 1 of the Dungeon.
You were not hungry.

You visited 1 branch of the dungeon, and saw 1 of its levels.

You collected 30 gold pieces.

Inventory:

Hand Weapons
 a - a +0 war axe (weapon)
Armour
 b - a +0 scale mail (worn)
 c - a +0 shield (worn)
 h - a +0 helmet (worn)
Scrolls
 e - a scroll of teleportation {unknown}
 j - a scroll of fog {unknown}
 k - a scroll of blinking {unknown}
Potions
 d - a potion of might
 g - 2 potions of curing {unknown}
Comestibles
 f - 2 rations
 i - 5 chunks of flesh


   Skills:
 + Level 3.2 Fighting
 + Level 1.7 Axes
 + Level 2.9 Armour
 + Level 2.8 Shields


You had one spell level left.
You didn't know any spells.
Your spell library was empty.

Dungeon Overview and Level Annotations

Branches:
Dungeon (1/15)

Altars:


Innate Abilities, Weirdness & Mutations

You have sharp toenails.


Message History

You miss the bat.
The bat is moderately wounded.
The bat hits you but does no damage. You block the bat's attack.
You completely miss the bat.
The bat is moderately wounded.
The bat barely misses you. The frilled lizard bites you.
The bat hits you but does no damage.
You slash the bat!
You kill the bat!
You miss the frilled lizard.
The frilled lizard bites you but does no damage.
You closely miss the frilled lizard.
The frilled lizard bites you but does no damage. x2
You barely miss the frilled lizard. You block the frilled lizard's attack.
You hit the frilled lizard.
You kill the frilled lizard!
You have reached level 2!
Your demonic ancestry asserts itself...
Your toenails lengthen and sharpen.
Are you sure you want to abandon this character and quit the game? (Confirm

.. ♣♣.
♣♣.#........##
.....#
#.#♣.♣♣♣.##...######
.....#
#..#...(.....##
.....# #.....)....##
###.....####
####.....#
.........#
..#################
#.#.......#.....@.#
#.#.#####.#.#####.#
#.#.#...#.#.#...#.#
#.#...#.#[#...#.#.#
#.#####.#.#####.#.#
#.......#.......#..
###################


There were no monsters in sight!

Vanquished Creatures
  2 bats (D:1)
  A giant cockroach (D:1)
  3 frilled lizards (D:1)
  2 kobolds (D:1)
  2 rats (D:1)
10 creatures vanquished.

Notes
Turn   | Place    | Note
-------+----------+-------------------------------------------
     0 | D:1      | galech the Demonspawn Fighter began the quest for the Orb.
     0 | D:1      | Reached XP level 1. HP: 18/18 MP: 1/1
   222 | D:1      | Gained mutation: You have sharp toenails. [demonic
                  | ancestry]
   222 | D:1      | Reached XP level 2. HP: 24/24 MP: 2/2
   223 | D:1      | Quit the game

Vault maps used:
D:1:      eino_arrival_water_star, serial_forest, infiniplex_forest_lined_2,
          infiniplex_forest_zigzag_2, infiniplex_forest_end_2,
          infiniplex_forest_lined_room_, infiniplex_forest_straight_4,
          patterned_corridor

Action                   || total
-------------------------++-------
Melee: War axe           ||    28
Armor: Scale mail        ||    23
Dodge: Dodged            ||    12
Block: Shield            ||    23

Table legend:
 A = Non-vault XP
 B = Vault XP
 C = Vault XP percentage of total XP
 D = Non-vault monster count
 E = Vault monster count
 F = Vault count percentage of total count
                 A         B        C        D         E       F
            +---------+---------+-------+---------+---------+-------
      Total |      12 |       0 |   0.0 |      10 |       0 |   0.0
            +---------+---------+-------+---------+---------+-------
        D:1 |      12 |       0 |   0.0 |      10 |       0 |   0.0
            +---------+---------+-------+---------+---------+-------
